 Dungeon Crawl Stone Soup version 0.22-a0-525-gf69a080 (webtiles) character file.

47 KristoblXynda the Conjurer (level 3, -4/26 HPs)
             Began as a Draconian Conjurer on June 19, 2018.
             Blown up by Ijyb (8 damage)
             ... with a wand of disintegration (13)
             ... on level 2 of the Dungeon on June 20, 2018.
             The game lasted 00:04:16 (1340 turns).

KristoblXynda the Conjurer (Draconian Conjurer)     Turns: 1340, Time: 00:04:17

Health: -4/26      AC:  5    Str: 10    XL:     3   Next: 48%
Magic:  2/7        EV: 12    Int: 16    God:
Gold:   111        SH:  0    Dex: 11    Spells: 6/7 levels left

rFire    . . .     SeeInvis .   g - +1 short sword (venom)
rCold    . . .     Gourm    .   (no shield)
rNeg     . . .     Faith    .   (armour unavailable)
rPois    .         Spirit   .   (helmet restricted)
rElec    .         Reflect  .   (no cloak)
rCorr    .         Harm     .   (no gloves)
MR       .....                  (no boots)
Stlth    ++........             (no amulet)
HPRegen  0.08/turn              (no ring)
MPRegen  0.10/turn              (no ring)

@: no status effects
A: unfitting armour, cold-blooded, AC +5
a: no special abilities


You were on level 2 of the Dungeon.
You were not hungry.

You visited 1 branch of the dungeon, and saw 2 of its levels.

You collected 111 gold pieces.

Inventory:

Hand Weapons
 g - a +1 short sword of venom (weapon)
Scrolls
 c - 3 scrolls of identify {unknown}
 d - a scroll of amnesia {unknown}
 f - a scroll of fear {unknown}
Potions
 e - a potion of curing {unknown}
Comestibles
 b - 4 rations


   Skills:
 - Level 1.7 Dodging
 - Level 1.7 Stealth
 + Level 2.9 Spellcasting
 + Level 4.7 Conjurations


You had 6 spell levels left.
You knew the following spells:

 Your Spells              Type           Power        Failure   Level  Hunger
a - Magic Dart            Conj           ###.         2%          1    #......

Your spell library contained the following spells:

 Spells                   Type           Power        Failure   Level  Hunger
 Iskenderun's Mystic Bla  Conj           ###.....     26%         4    #####..
 Fulminant Prism          Conj/Hex       #.........   56%         4    #####..
 Dazzling Spray           Conj/Hex       #.....       22%         3    ###....
 Force Lance              Conj/Tloc      #.......     56%         4    #####..
 Searing Ray              Conj           ###...       4%          2    ##.....


Dungeon Overview and Level Annotations

Branches:
Dungeon (2/15)

Altars:

Annotations:
D:2 Ijyb


Innate Abilities, Weirdness & Mutations

Your plain brown scales are hard. (AC +5)
You cannot fit into any form of body armour.
You are cold-blooded and may be slowed by cold attacks.


Message History

Confirm with . or Enter, or press ? or * to list all spells.
Aiming: Magic Dart (safe; 2% risk of failure)
Press: ? - help, Shift-Dir - straight line, f - goblin
Aim: a goblin, wielding a club The magic dart hits the goblin.
You kill the goblin!
Ijyb zaps a wand.
You are blasted!
Ouch! That really hurt!
* * * LOW HITPOINT WARNING * * *
It is a wand of disintegration (13).
Unknown command.
Casting: Magic Dart (safe; 2% risk of failure)
Confirm with . or Enter, or press ? or * to list all spells.
Aiming: Magic Dart (safe; 2% risk of failure)
Press: ? - help, Shift-Dir - straight line, f - goblin
Aim: a goblin, wielding a dagger The magic dart hits the goblin.
The goblin is moderately wounded.
Ijyb zaps a wand.
You are blasted!
You die...

#....g..# #. #8).)).8#
#.. #.....g.# #.#
#8.....8# #..
#.......# #.#
#8.(...8# #
####.###.......##.#.#
##.....((......@.....#
#......#........##.###
#..##..#..>.....# ####
#. #...#........# ...
#..#.#.#........# #.#
#..#.#.#........# ##.#
#...............# #
#).# ##.#.##.#.......#
#.#.## #
#.#.##.#########
#.#.##.#


You could see Ijyb and a goblin.

Vanquished Creatures
  An adder (D:2)
  A worm (D:2)
  A leopard gecko (D:1)
  2 bats (D:1)
  5 giant cockroaches
  8 goblins
  3 hobgoblins
  4 kobolds
  A ball python (D:1)
  6 rats
32 creatures vanquished.

Notes
Turn   | Place    | Note
-------+----------+-------------------------------------------
     0 | D:1      | KristoblXynda the Draconian Conjurer began the quest for the Orb.
     0 | D:1      | Reached XP level 1. HP: 14/14 MP: 3/3
   201 | D:1      | Reached XP level 2. HP: 8/20 MP: 3/5
   958 | D:2      | Upgraded the game from 0.22-a0-515-g75794bf to 0.22-a0-525-gf69a080
  1069 | D:2      | Reached XP level 3. HP: 17/26 MP: 2/7
  1338 | D:2      | Noticed Ijyb
  1340 | D:2      | Blown up by Ijyb

Vault maps used:
D:1:      enne_arrival_octagon_isle, serial_bayou_pond_e
D:2:      kennysheep_the_goblin_king, kennysheep_generic_room_9

Action                   || total
-------------------------++-------
Melee: Dagger            ||    46
       Tailslap          ||     7
       Short sword       ||    11
 Cast: Magic Dart        ||    39
 Stab: Sleeping          ||     1
  Eat: Chunk             ||     2
Armor: Skin              ||    14
Dodge: Dodged            ||    51

Table legend:
 A = Spawn XP
 B = Non-spawn XP
 C = Spawn XP percentage of total XP
 D = Spawn monster count
 E = Non-spawn monster count
 F = Spawn count percentage of total count
 G = Total turns spent on level
                    A         B        C        D         E        F      G
               +---------+---------+-------+---------+---------+-------+---------
         Total |       0 |      68 |   0.0 |       0 |      32 |   0.0 |  1340
               +---------+---------+-------+---------+---------+-------+---------
           D:1 |       0 |      28 |   0.0 |       0 |      18 |   0.0 |   945
           D:2 |       0 |      40 |   0.0 |       0 |      14 |   0.0 |   395
               +---------+---------+-------+---------+---------+-------+---------
